TOP OF THE 1ST |
St. Petersburg Saints batting - Pitching for Lakeland Pilots : RHP David Morris
|
Pitching: RHP David Morris
|
|
Batting: LHB Omar de la Torre
|
0-0: Ball 1-0: SOLO HOME RUN (Flyball, 9D, EV 97.5 MPH), Distance : 370 ft
|
Batting: LHB Al Leboeuf
|
0-0: Fly out, F8 (Line Drive, 8RM, EV 101.9 MPH)
|
Batting: LHB Terry Blocker
|
0-0: Ball 1-0: Ball 2-0: Ball 3-0: Base on Balls
|
Batting: RHB Rock Coyle
|
0-0: Ball Terry Blocker is caught stealing 2nd base 2-4 1-0: Swinging Strike 1-1: Ground out 6-3 (Groundball, 6, EV 108.8 MPH)
|
Top of the 1st over - 1 run, 1 hit, 0 errors, 0 left on base; St. Petersburg 1 - Lakeland 0 |
BOTTOM OF THE 1ST |
Lakeland Pilots batting - Pitching for St. Petersburg Saints : RHP Kenneth Rogers
|
Pitching: RHP Kenneth Rogers
|
|
Batting: LHB Chris Stropolo
|
0-0: Fly out, F8 (Flyball, 8LM, EV 90.6 MPH)
|
Batting: RHB Dave C Anderson
|
0-0: Ball 1-0: Ground out 5-3 (Groundball, 56S, EV 82.5 MPH)
|
Batting: SHB Mike D Young
|
0-0: Ball 1-0: Ball 2-0: Ball 3-0: Base on Balls
|
Batting: LHB Mike Laga
|
0-0: Called Strike 0-1: Ball 1-1: Fly out, F8 (Flyball, 8LD, EV 105.6 MPH)
|
Bottom of the 1st over - 0 runs, 0 hits, 0 errors, 1 left on base; St. Petersburg 1 - Lakeland 0 |
TOP OF THE 2ND |
St. Petersburg Saints batting - Pitching for Lakeland Pilots : RHP David Morris
|
Batting: RHB Ric Despaux
|
0-0: Ball 1-0: Ball 2-0: Ball 3-0: Called Strike 3-1: Fly out, F9 (Line Drive, 9D, EV 89.4 MPH)
|
Batting: RHB Jerry Johnson
|
0-0: Called Strike 0-1: Called Strike 0-2: Ball 1-2: Strikes out swinging
|
Batting: RHB Randy Ingle
|
0-0: Called Strike 0-1: Called Strike 0-2: Foul Ball, location: 2F 0-2: Foul Ball, location: 2F 0-2: Fly out, F6 (Popup, 4M, EV 70.6 MPH)
|
Top of the 2nd over - 0 runs, 0 hits, 0 errors, 0 left on base; St. Petersburg 1 - Lakeland 0 |
BOTTOM OF THE 2ND |
Lakeland Pilots batting - Pitching for St. Petersburg Saints : RHP Kenneth Rogers
|
Batting: RHB Eugeniuo Cotes
|
0-0: Ball 1-0: Swinging Strike 1-1: DOUBLE (Line Drive, 9LD, EV 111.3 MPH)
|
Batting: RHB Kevin McGann
|
0-0: Ball 1-0: 2-RUN HOME RUN (Flyball, 89XD, EV 97.5 MPH), Distance : 386 ft
|
Batting: RHB Juan Espino
|
0-0: Ball 1-0: Fly out, F9 (Flyball, 89D, EV 91.9 MPH)
|
Batting: SHB Alphonso Eiland
|
0-0: Ball 1-0: Foul Ball, location: 2F 1-1: Called Strike 1-2: Foul Ball, location: 2F 1-2: Strikes out swinging
|
Batting: RHB Vernon Armstead
|
0-0: Fly out, F8 (Flyball, 78M, EV 79.4 MPH)
|
Bottom of the 2nd over - 2 runs, 2 hits, 0 errors, 0 left on base; St. Petersburg 1 - Lakeland 2 |
TOP OF THE 3RD |
St. Petersburg Saints batting - Pitching for Lakeland Pilots : RHP David Morris
|
Batting: RHB Roberto Alvarez
|
0-0: Fly out, F7 (Line Drive, 7, EV 92.5 MPH)
|
Batting: RHB Pablo Carballo
|
0-0: Swinging Strike 0-1: Called Strike 0-2: Ball 1-2: Ball 2-2: Foul Ball, location: 2F 2-2: Ball 3-2: Ground out 5-3 (Groundball, 56S, EV 91.3 MPH)
|
Batting: LHB Omar de la Torre
|
0-0: Foul Ball, location: 2F 0-1: Fly out, F7 (Flyball, 7LM, EV 81.9 MPH)
|
Top of the 3rd over - 0 runs, 0 hits, 0 errors, 0 left on base; St. Petersburg 1 - Lakeland 2 |
BOTTOM OF THE 3RD |
Lakeland Pilots batting - Pitching for St. Petersburg Saints : RHP Kenneth Rogers
|
Batting: LHB Chris Stropolo
|
0-0: Foul Ball, location: 2F 0-1: Foul Ball, location: 2F 0-2: Ball 1-2: Ball 2-2: Ball 3-2: Foul Ball, location: 2F 3-2: Fly out, F9 (Line Drive, 9, EV 110.0 MPH)
|
Batting: RHB Dave C Anderson
|
0-0: Called Strike 0-1: Ground out 5-3 (Groundball, 5S, EV 86.9 MPH)
|
Batting: SHB Mike D Young
|
0-0: Foul Ball, location: 2F 0-1: Ball 1-1: Ball 2-1: Fly out, F6 (Popup, 6M, EV 75.6 MPH)
|
Bottom of the 3rd over - 0 runs, 0 hits, 0 errors, 0 left on base; St. Petersburg 1 - Lakeland 2 |
TOP OF THE 4TH |
St. Petersburg Saints batting - Pitching for Lakeland Pilots : RHP David Morris
|
Batting: LHB Al Leboeuf
|
0-0: Ball 1-0: Ball 2-0: Ball 3-0: Called Strike 3-1: Base on Balls
|
Batting: LHB Terry Blocker
|
0-0: Foul Ball, location: 2F 0-1: SINGLE (Line Drive, 7LS, EV 100.6 MPH) Al Leboeuf to second
|
Batting: RHB Rock Coyle
|
0-0: Called Strike 0-1: 3-RUN HOME RUN (Flyball, 7D, EV 92.5 MPH), Distance : 368 ft
|
Batting: RHB Ric Despaux
|
0-0: Called Strike 0-1: Ball 1-1: Fly out, F7 (Flyball, 7, EV 86.3 MPH)
|
Batting: RHB Jerry Johnson
|
0-0: Fly out, F3 (Popup, 34S, EV 75.6 MPH)
|
Batting: RHB Randy Ingle
|
0-0: Ball 1-0: DOUBLE (Line Drive, 89M, EV 97.5 MPH)
|
Batting: RHB Roberto Alvarez
|
0-0: Called Strike 0-1: Ball 1-1: Called Strike 1-2: Ground out 6-3 (Groundball, 6, EV 80.6 MPH)
|
Top of the 4th over - 3 runs, 3 hits, 0 errors, 1 left on base; St. Petersburg 4 - Lakeland 2 |
BOTTOM OF THE 4TH |
Lakeland Pilots batting - Pitching for St. Petersburg Saints : RHP Kenneth Rogers
|
Batting: LHB Mike Laga
|
0-0: Fly out, F9 (Flyball, 9LD, EV 84.4 MPH)
|
Batting: RHB Eugeniuo Cotes
|
0-0: Ball 1-0: Called Strike 1-1: Ground out 5-3 (Groundball, 56, EV 102.5 MPH)
|
Batting: RHB Kevin McGann
|
0-0: Called Strike 0-1: Ball 1-1: Ball 2-1: Called Strike 2-2: Foul Ball, location: 2F 2-2: Ball 3-2: DOUBLE (Flyball, 89D, EV 96.3 MPH)
|
Batting: RHB Juan Espino
|
0-0: Ground out 5-3 (Groundball, 56S, EV 70.0 MPH)
|
Bottom of the 4th over - 0 runs, 1 hit, 0 errors, 1 left on base; St. Petersburg 4 - Lakeland 2 |
TOP OF THE 5TH |
St. Petersburg Saints batting - Pitching for Lakeland Pilots : RHP David Morris
|
Batting: RHB Pablo Carballo
|
0-0: Swinging Strike 0-1: Swinging Strike 0-2: Ball 1-2: Strikes out swinging
|
Batting: LHB Omar de la Torre
|
0-0: Ball 1-0: Called Strike 1-1: SINGLE (Flyball, 3D, EV 84.4 MPH)
|
Batting: LHB Al Leboeuf
|
0-0: Ball 1-0: Called Strike 1-1: Called Strike Omar de la Torre steals 2nd, throwing error, E2 Omar de la Torre to third 1-2: Ball 2-2: SINGLE (Flyball, 6D, EV 94.4 MPH) Omar de la Torre scores
|
Pitching: RHP Scott Patterson
|
|
Batting: LHB Terry Blocker
|
0-0: Fly out, F8 (Line Drive, 8RD, EV 87.5 MPH)
|
Batting: RHB Rock Coyle
|
0-0: Ball 1-0: Called Strike 1-1: Ball 2-1: Foul Ball, location: 2F 2-2: Ball 3-2: Foul Ball, location: 2F 3-2: Foul Ball, location: 2F 3-2: Fly out, F7 (Flyball, 7S, EV 88.8 MPH)
|
Top of the 5th over - 1 run, 2 hits, 1 error, 1 left on base; St. Petersburg 5 - Lakeland 2 |
BOTTOM OF THE 5TH |
Lakeland Pilots batting - Pitching for St. Petersburg Saints : RHP Kenneth Rogers
|
Batting: SHB Alphonso Eiland
|
0-0: Called Strike 0-1: Called Strike 0-2: Ball 1-2: Ball 2-2: Ground out 6-3 (Groundball, 6, EV 77.5 MPH)
|
Batting: RHB Vernon Armstead
|
0-0: Foul Ball, location: 2F 0-1: Fly out, F9 (Flyball, 9S, EV 83.8 MPH)
|
Batting: LHB Chris Stropolo
|
0-0: Ground out 6-3 (Groundball, 6, EV 84.4 MPH)
|
Bottom of the 5th over - 0 runs, 0 hits, 0 errors, 0 left on base; St. Petersburg 5 - Lakeland 2 |
TOP OF THE 6TH |
St. Petersburg Saints batting - Pitching for Lakeland Pilots : RHP Scott Patterson
|
Batting: RHB Ric Despaux
|
0-0: Ball 1-0: Called Strike 1-1: Ball 2-1: Foul Ball, location: 2F 2-2: Foul Ball, location: 2F 2-2: Ball 3-2: Strikes out swinging
|
Batting: RHB Jerry Johnson
|
0-0: Ball 1-0: Ball 2-0: Ground out 6-3 (Groundball, 6, EV 80.6 MPH)
|
Batting: RHB Randy Ingle
|
0-0: Swinging Strike 0-1: Ball 1-1: Ball 2-1: Foul Ball, location: 2F 2-2: Ball 3-2: Foul Ball, location: 2F 3-2: Foul Ball, location: 2F 3-2: Base on Balls
|
Batting: RHB Roberto Alvarez
|
0-0: Ball 1-0: Ground out 5-3 (Groundball, 56S, EV 65.6 MPH)
|
Top of the 6th over - 0 runs, 0 hits, 0 errors, 1 left on base; St. Petersburg 5 - Lakeland 2 |
BOTTOM OF THE 6TH |
Lakeland Pilots batting - Pitching for St. Petersburg Saints : RHP Kenneth Rogers
|
Batting: RHB Dave C Anderson
|
0-0: SINGLE (Groundball, 5S, EV 68.1 MPH) (infield hit)
|
Batting: SHB Mike D Young
|
0-0: Called Strike 0-1: Foul Ball, location: 2F 0-2: Ball 1-2: Ball 2-2: Ball 3-2: Fly out, F4 (Line Drive, 4, EV 69.4 MPH)
|
Batting: LHB Mike Laga
|
0-0: Ball Dave C Anderson steals 2nd base (no throw) 1-0: Ball 2-0: Foul Ball, location: 2F 2-1: Swinging Strike 2-2: Foul Ball, location: 2F 2-2: Fly out, F8 (Flyball, 8LD, EV 89.4 MPH)
|
Batting: RHB Eugeniuo Cotes
|
0-0: Ball 1-0: Ball 2-0: Called Strike 2-1: Ball 3-1: Fly out, F9 (Flyball, 89XD, EV 101.9 MPH)
|
Bottom of the 6th over - 0 runs, 1 hit, 0 errors, 1 left on base; St. Petersburg 5 - Lakeland 2 |
TOP OF THE 7TH |
St. Petersburg Saints batting - Pitching for Lakeland Pilots : RHP Scott Patterson
|
Batting: RHB Pablo Carballo
|
0-0: Foul Ball, location: 2F 0-1: Ball 1-1: Fly out, F9 (Line Drive, 9, EV 99.4 MPH)
|
Batting: LHB Omar de la Torre
|
0-0: Ground out 4-3 (Groundball, 13, EV 88.1 MPH)
|
Batting: LHB Al Leboeuf
|
0-0: Foul Ball, location: 2F 0-1: Called Strike 0-2: Foul Ball, location: 2F 0-2: Hit by Pitch
|
Batting: LHB Terry Blocker
|
0-0: Called Strike 0-1: Ball 1-1: Ball 2-1: Ball 3-1: Base on Balls Al Leboeuf to second
|
Batting: RHB Rock Coyle
|
0-0: Foul Ball, location: 2F 0-1: SINGLE (Line Drive, 7S, EV 94.4 MPH) Al Leboeuf to third Terry Blocker to second Runner from 3rd tries for Home, SAFE, throw by LF to home
|
Batting: RHB Ric Despaux
|
0-0: SINGLE (Groundball, 5S, EV 70.0 MPH) (infield hit) Terry Blocker to third Rock Coyle to second
|
Batting: RHB Jerry Johnson
|
0-0: Ball 1-0: Ball 2-0: SINGLE (Line Drive, 89M, EV 95.0 MPH) Terry Blocker scores Rock Coyle to third Ric Despaux to second Runner from 3rd tries for Home, SAFE, throw by RF to trailing runner, SAFE at third!
|
Pitching: RHP Don Cooper
|
|
Batting: RHB Randy Ingle
|
0-0: Ball 1-0: Swinging Strike 1-1: Ball 2-1: SINGLE (Groundball, 34D, EV 103.1 MPH) Ric Despaux scores Jerry Johnson to second Runner from 2nd tries for 3rd, SAFE, no throw by RF
|
Pinch Hitting: RHB Dave Clements
|
0-0: Called Strike 0-1: Ball 1-1: Foul Ball, location: 2F 1-2: Strikes out swinging
|
Top of the 7th over - 4 runs, 4 hits, 0 errors, 2 left on base; St. Petersburg 9 - Lakeland 2 |
BOTTOM OF THE 7TH |
Lakeland Pilots batting - Pitching for St. Petersburg Saints : RHP Kenneth Rogers
|
Now at SS: Dave Clements
|
|
Batting: RHB Kevin McGann
|
0-0: Fly out, F3 (Popup, 3, EV 63.1 MPH)
|
Batting: RHB Juan Espino
|
0-0: Ball 1-0: Called Strike 1-1: Ball 2-1: Ball 3-1: Base on Balls
|
Batting: SHB Alphonso Eiland
|
0-0: Ball Passed Ball! Juan Espino to second 1-0: Ball 2-0: Called Strike 2-1: Fly out, F7 (Flyball, 7LS, EV 97.5 MPH)
|
Batting: RHB Vernon Armstead
|
0-0: Fly out, F1 (Line Drive, P, EV 61.9 MPH)
|
Bottom of the 7th over - 0 runs, 0 hits, 0 errors, 1 left on base; St. Petersburg 9 - Lakeland 2 |
TOP OF THE 8TH |
St. Petersburg Saints batting - Pitching for Lakeland Pilots : RHP Don Cooper
|
Batting: RHB Pablo Carballo
|
0-0: Ball 1-0: Foul Ball, location: 2F 1-1: Foul Ball, location: 2F 1-2: Strikes out swinging
|
Batting: LHB Omar de la Torre
|
0-0: Ball 1-0: Ball 2-0: Reached on error, E3 (Groundball, 34S, EV 76.9 MPH)
|
Pinch Hitting: RHB Joe Lansford
|
0-0: Ball 1-0: SINGLE (Flyball, 89S, EV 91.9 MPH) Omar de la Torre to second
|
Pinch Hitting: RHB Francisco Escalera
|
0-0: SINGLE (Groundball, 4M, EV 105.6 MPH) (infield hit) Omar de la Torre to third Joe Lansford to second
|
Pitching: LHP Tony Ferreira
|
|
Batting: RHB Rock Coyle
|
0-0: Foul Ball, location: 2F 0-1: Ball 1-1: Foul Ball, location: 2F 1-2: SINGLE (Line Drive, 5D, EV 100.6 MPH) Omar de la Torre scores Joe Lansford to third Francisco Escalera to second Runner from 3rd tries for Home, SAFE, throw by LF to home
|
Batting: RHB Ric Despaux
|
0-0: Ball 1-0: Ball 2-0: Ball 3-0: Called Strike 3-1: Base on Balls Francisco Escalera to third Rock Coyle to second
|
Batting: RHB Jerry Johnson
|
0-0: Ball 1-0: Ground out 5-3 (Groundball, 56S, EV 68.1 MPH) Francisco Escalera scores Rock Coyle to third Ric Despaux to second
|
Batting: RHB Randy Ingle
|
0-0: Called Strike 0-1: Fly out, F9 (Flyball, 89M, EV 88.8 MPH)
|
Top of the 8th over - 3 runs, 3 hits, 1 error, 2 left on base; St. Petersburg 12 - Lakeland 2 |
BOTTOM OF THE 8TH |
Lakeland Pilots batting - Pitching for St. Petersburg Saints : RHP Kenneth Rogers
|
Now at 1B: Joe Lansford
|
|
Now in LF: Thomas Langham
|
|
Batting: LHB Chris Stropolo
|
0-0: Foul Ball, location: 2F 0-1: Foul Ball, location: 2F 0-2: Ball 1-2: Ball 2-2: Foul Ball, location: 2F 2-2: Ball 3-2: Fly out, F3 (Flyball, 3D, EV 98.1 MPH)
|
Batting: RHB Dave C Anderson
|
0-0: Ball 1-0: Swinging Strike 1-1: Ball 2-1: Foul Ball, location: 2F 2-2: Ground out 4-3 (Groundball, 34, EV 98.8 MPH)
|
Batting: SHB Mike D Young
|
0-0: Ball 1-0: Ball 2-0: Swinging Strike 2-1: Ball 3-1: Base on Balls
|
Pinch Hitting: RHB Dave Hostetler
|
0-0: Called Strike 0-1: Ball 1-1: Foul Ball, location: 2F 1-2: Fly out, F4 (Popup, 34, EV 59.4 MPH)
|
Bottom of the 8th over - 0 runs, 0 hits, 0 errors, 1 left on base; St. Petersburg 12 - Lakeland 2 |
TOP OF THE 9TH |
St. Petersburg Saints batting - Pitching for Lakeland Pilots : LHP Tony Ferreira
|
Now at 1B: Dave Hostetler
|
|
Batting: RHB Dave Clements
|
0-0: Ball 1-0: Foul Ball, location: 2F 1-1: Foul Ball, location: 2F 1-2: Foul Ball, location: 2F 1-2: Ball 2-2: Foul Ball, location: 2F 2-2: Strikes out swinging
|
Batting: RHB Pablo Carballo
|
0-0: Ball 1-0: Ball 2-0: Ball 3-0: Swinging Strike 3-1: Base on Balls
|
Batting: LHB Omar de la Torre
|
0-0: Swinging Strike 0-1: Swinging Strike 0-2: Strikes out swinging
|
Pinch Hitting: LHB Melvin Godard
|
0-0: Foul Ball, location: 2F 0-1: Called Strike 0-2: Foul Ball, location: 2F 0-2: Hit by Pitch Pablo Carballo to second
|
Pinch Hitting: RHB Bill Hill
|
0-0: Called Strike 0-1: Foul Ball, location: 2F 0-2: DOUBLE (Line Drive, 7LM, EV 96.3 MPH) Pablo Carballo scores Melvin Godard to third Runner from 3rd tries for Home, throw by LF and OUT! 7-6-2
|
Top of the 9th over - 1 run, 1 hit, 0 errors, 1 left on base; St. Petersburg 13 - Lakeland 2 |
BOTTOM OF THE 9TH |
Lakeland Pilots batting - Pitching for St. Petersburg Saints : RHP Kenneth Rogers
|
Now at 1B: Melvin Godard
|
|
Now in LF: Bill Hill
|
|
Batting: RHB Eugeniuo Cotes
|
0-0: Ball 1-0: Called Strike 1-1: Fly out, F8 (Flyball, 8RS, EV 85.6 MPH)
|
Batting: RHB Kevin McGann
|
0-0: Ball 1-0: Fly out, F9 (Line Drive, 9D, EV 93.1 MPH)
|
Batting: RHB Juan Espino
|
0-0: SINGLE (Line Drive, 89S, EV 100.6 MPH)
|
Batting: SHB Alphonso Eiland
|
0-0: Fielders Choice at 2nd, 6-4 (Groundball, 6, EV 105.6 MPH)
|
Bottom of the 9th over - 0 runs, 1 hit, 0 errors, 1 left on base; St. Petersburg 13 - Lakeland 2 |
|